 Dungeon Crawl Stone Soup version 0.31-a0-1540-g5a0b83f (webtiles) character file.

Game seed: 6067000675225766259

19155 PublicAnimeNo1 the Covert (level 12, -1/91 HPs)
             Began as a Demonspawn Alchemist on Jan 1, 2024.
             Was a High Priest of Fedhas.
             Slain by a six-headed hydra (13 damage)
             ... on level 1 of the Lair of Beasts.
             The game lasted 00:26:49 (12568 turns).

PublicAnimeNo1 the Covert (Demonspawn Alchemist)   Turns: 12568, Time: 00:26:50

Health: -1/91      AC:  6    Str: 14    XL:     12   Next: 34%
Magic:  25/27      EV: 12    Int: 25    God:    Fedhas [*****.]
Gold:   863        SH:  4    Dex: 16    Spells: 3/19 levels left

rFire   . . .        b - +9 short sword of Zin {venom, rElec rC- MP+9}
rCold   x . .        (no shield)
rNeg    . . .        C - +2 leather armour {rPois}
rPois   +            (helmet unavailable)
rElec   +            d - +0 cloak
rCorr   .            (no gloves)
SInv    .            (no boots)
Will    .....        (no amulet)
Stlth   ++++         t - +6 ring of intelligence
HPRegen 0.35/turn    w - +6 ring of strength
MPRegen 0.40/turn

%: no passive effects
@: no status effects
A: horns 3, magic regeneration, condensation shield, weakness stinger 1, demonic
touch 1
a: Renounce Religion, Wall of Briars, Grow Ballistomycete, Overgrow, Grow Oklob


You were on level 1 of the Lair of Beasts.
You worshipped Fedhas.
Fedhas was extremely pleased with you.
You visited 2 branches of the dungeon, and saw 13 of its levels.

You collected 1007 gold pieces.
You spent 144 gold pieces at shops.

Inventory:

Hand Weapons
 a - a +3 dagger of speed
 b - the +9 short sword of Zin (weapon) {venom, rElec rC- MP+9}
   (You found it on level 4 of the Dungeon)

   rC-:       It makes you vulnerable to cold.
   rElec:     It insulates you from electricity.
   MP+9:      It affects your magic capacity (+9).
 e - a +1 war axe of draining
 u - the +6 long sword of Zireobar {venom, rF+ Will+ Str-3}
   (You found it on level 6 of the Dungeon)

   Str-3:     It affects your strength (-3).
   rF+:       It protects you from fire.
   Will+:     It increases your willpower.
Missiles
 f - a throwing net
 h - 45 poisoned darts
Armour
 d - a +0 cloak (worn)
 g - a +0 helmet
 i - a +0 robe
 v - an orb of energy
 C - a +2 leather armour of poison resistance (worn)
 H - a +0 troll leather armour
Jewellery
 t - a +6 ring of intelligence (left hand)
 w - a +6 ring of strength (right hand)
 z - a ring of flight
 K - a ring of ice
Wands
 s - a wand of acid (16)
 A - a wand of flame (30)
 B - a wand of charming (13)
 D - a wand of digging (6)
 J - a wand of polymorph (3)
Scrolls
 j - a scroll of immolation
 m - 2 scrolls of enchant weapon
 n - 3 scrolls of teleportation
 o - 2 scrolls of fear
 r - 2 scrolls of vulnerability
 E - a scroll of revelation
 F - a scroll of torment
Potions
 c - 2 potions of mutation
 k - 2 potions of ambrosia
 l - a potion of brilliance
 p - 2 potions of lignification
 q - 3 potions of heal wounds
 x - 4 potions of curing
 y - 2 potions of magic
 G - 2 potions of enlightenment
 I - a potion of invisibility {unknown}
 L - a potion of attraction {unknown}


   Skills:
 - Level 7.5 Fighting
 - Level 10.0 Short Blades
 + Level 2.6 Dodging
 + Level 10.4 Stealth
 - Level 4.0 Spellcasting
 - Level 4.9 Conjurations
 - Level 0.3 Air Magic
 - Level 5.0 Earth Magic
 + Level 8.8 Alchemy
 - Level 7.0 Invocations
 - Level 3.6 Evocations


You had 3 spell levels left.
You knew the following spells:

 Your Spells              Type           Power      Damage    Failure   Level
a - Irradiate             Conj/Alch      19%        3d18      19%         5
b - Mephitic Cloud        Conj/Alch/Air  28%        N/A       4%          3
c - Petrify               Alch/Erth      39%        N/A       7%          4
d - Olgreb's Toxic Radia  Alch           49%        N/A       3%          4

Your spell library contained the following spells:

 Spells                   Type           Power      Damage    Failure   Level
 Sandblast                Erth           60%        2d14      1%          1
 Sting                    Conj/Alch      100%       1d9       1%          1
 Mercury Vapours          Alch/Air       54%        N/A       2%          2
 Shock                    Conj/Air       72%        1d7       4%          1
 Passwall                 Erth           30%        N/A       4%          3
 Stone Arrow              Conj/Erth      58%        3d10      4%          3
 Slow                     Hex            20%        N/A       12%         1
 Dazzling Flash           Conj/Hex       34%        N/A       13%         3
 Sublimation of Blood     Necr           5%         N/A       17%         2
 Swiftness                Air            6%         N/A       30%         3
 Confusing Touch          Hex            5%         N/A       34%         3
 Sigil of Binding         Hex            5%         N/A       34%         3
 Vampiric Draining        Necr           5%         2d6       34%         3
 Brom's Barrelling Bould  Conj/Erth      29%        2d5       16%         4
 Sticky Flame             Fire/Alch      27%        2d7       19%         4
 Airstrike                Air            3%         2d(1-17)  69%         4
 Vhi's Electric Charge    Tloc/Air       10%        N/A       71%         4
 Arcjolt                  Conj/Air       9%         1d19      73%         5
 Silence                  Hex/Air        2%         N/A       96%         5
 Curse of Agony           Necr           5%         N/A       97%         5
 Maxwell's Capacitive Co  Air            3%         ∞         100%        8


Dungeon Overview and Level Annotations

Branches:
Dungeon (12/15)            Temple (0/1) D:6            Lair (1/5) D:11
    Orc (0/2) D:9

Altars:
Ashenzari
Fedhas
Gozag
Kikubaaqudgha
Makhleb
Okawaru
Ru
Uskayaw
Xom
Yredelemnul

Shops:
D:3 (   D:4 =:=*:   D:11 (

Portals:
Gauntlet: Lair:1

Annotations:
D:5 exclusions: acid dragon and 3 more exclusions
D:9 3 runed translucent doors, Anotheraccount's ghost, novice DsFi


Innate Abilities, Weirdness & Mutations

You have a pair of large horns on your head.
You regenerate magic rapidly.
A meltable shield of frost defends you. (SH +4)
You have a small tail.
Your touch may inflict minor irresistible damage on your foes.


Message History

Aim: a six-headed hydra (moderately wounded, covered in acid, 91% to hit)
The bolt of acid hits the six-headed hydra!!
The six-headed hydra seems to be corroded for longer.
The six-headed hydra is heavily wounded.
You block the six-headed hydra's attack.
The six-headed hydra barely misses you.
The six-headed hydra closely misses you.
The six-headed hydra misses you. The six-headed hydra bites you. x2
You hit the six-headed hydra.
Your tail-slap misses the six-headed hydra.
Your touch misses the six-headed hydra.
The six-headed hydra is heavily wounded.
The six-headed hydra bites you!
The six-headed hydra closely misses you.
The six-headed hydra bites you. The six-headed hydra barely misses you.
The six-headed hydra bites you! x2
You barely miss the six-headed hydra. You headbutt the six-headed hydra.
You tail-slap the six-headed hydra. Your touch misses the six-headed hydra.
The six-headed hydra is severely wounded.
You hit the six-headed hydra but do no damage.
The six-headed hydra is poisoned.
You tail-slap the six-headed hydra.
The six-headed hydra is severely wounded.
The water moccasin bites you. The six-headed hydra bites you!
You block the six-headed hydra's attack.
The six-headed hydra misses you.
The six-headed hydra bites you but does no damage.
The six-headed hydra bites you. x2
You hit the six-headed hydra.
The six-headed hydra is severely wounded.
You hit the six-headed hydra.
The six-headed hydra looks as sick as possible!
You headbutt the six-headed hydra!
The six-headed hydra is almost dead.
The water moccasin barely misses you. The six-headed hydra bites you!
* * * LOW HITPOINT WARNING * * *
The six-headed hydra bites you.
* * * LOW HITPOINT WARNING * * *
The six-headed hydra bites you!
You die...
Fedhas appreciates your contribution to the ecosystem.

,,,,,,,,,,,,* **,,,,,**,,**
,,,,,,,,,,,,* *....,,**,**
,,,*,,,,....** *#....,,,*,*
,*,,,,*......* *#.....,***,*
,**,**.......* *......,***,*
,**,*##......## *#......,**,,*
,,,,..........###.......,,,,,*
,,,,...........#.S∩.....,,,,,**
,,,,............@D......*****,***
****,................P#.* **,,* *
***#.........P....##** *,,*
*#.......##...## *,,* *
#P#...###*...#* **,,* ####
**#...P# *....# *,,,* ####
###..### *!...# **,,* P###
##.....###*....# *,,*
#######..........,,.## *,,*


You could see a six-headed hydra (extremely poisoned, corroded) and a water
moccasin.

Vanquished Creatures
  2 two-headed ogres
  2 boulder beetles
  Pikel (D:8)
  An ugly thing (D:12)
  A manticore (D:12)
  4 cyclopes
  A gargoyle (D:12)
  3 trolls
  2 hornets
  Grinder (D:4)
  Prince Ribbit (D:7)
  A shadow (D:12)
  A wraith (D:10)
  2 vampires
  15 yaks
  Edmund (D:4)
  2 acid dragons
  9 orc warriors
  A sky beast (D:6)
  A black bear (D:5)
  2 ogres
  2 centaurs
  A lemure (D:8)
  Blork the orc (D:4)
  A phantom (D:6)
  3 kobold brigands
  3 bullfrogs
  2 scorpions
  11 wights
  9 killer bees
  A howler monkey (D:9)
  2 jellies
  3 hounds
  3 orc priests (D:9)
  A bombardier beetle (D:7)
  Crazy Yiuf (D:4)
  Ijyb (D:4)
  3 iguanas
  9 orc wizards
  Natasha (thrice) (D:2)
  A hound zombie (D:4)
  6 adders
  7 gnolls
  2 shadow imps
  An adder zombie (D:4)
  4 dart slugs
  41 orcs
  5 ball pythons
  7 endoplasms
  3 giant cockroaches
  4 hobgoblins
  4 jackals (D:1)
  23 kobolds
  3 quokkas
  3 bats
  5 goblins
  3 rats
236 creatures vanquished.

Vanquished Creatures (others)
  A bullfrog (D:7)
  A sleepcap (D:7)
  A kobold (D:7)
3 creatures vanquished.

Grand Total: 239 creatures vanquished

Notes
Turn   | Place    | Note
-------+----------+-------------------------------------------
     0 | D:1      | PublicAnimeNo1 the Demonspawn Alchemist began the quest for
                  | the Orb.
     0 | D:1      | Reached XP level 1. HP: 13/13 MP: 3/3
   113 | D:1      | Discovered your monstrous ancestry.
   113 | D:1      | Gained mutation: Your touch may inflict minor irresistible
                  | damage on your foes. [demonic ancestry]
   113 | D:1      | Reached XP level 2. HP: 19/19 MP: 3/5
   407 | D:1      | Reached XP level 3. HP: 23/24 MP: 6/6
   621 | D:2      | Noticed Natasha
   626 | D:2      | Killed Natasha
   740 | D:2      | Found a faded altar of an unknown god.
   747 | D:2      | Prayed at the altar of an unknown god.
   747 | D:2      | Became a worshipper of Fedhas Madash
   747 | D:2      | Reached * piety under Fedhas
   876 | D:2      | Gained mutation: You have a pair of small horns on your
                  | head. [demonic ancestry]
   876 | D:2      | Reached XP level 4. HP: 30/30 MP: 4/7
   998 | D:2      | Noticed Natasha
  1002 | D:2      | Killed Natasha
  1259 | D:2      | Noticed Natasha
  1264 | D:2      | Killed Natasha
  1315 | D:2      | Reached skill level 5 in Alchemy
  1315 | D:2      | Gained mutation: A meltable shield of frost defends you.
                  | (SH +4) [demonic ancestry]
  1315 | D:2      | Reached XP level 5. HP: 16/35 MP: 6/8
  1503 | D:3      | Found Evaoleux's Weapon Boutique.
  2471 | D:4      | Reached ** piety under Fedhas
  2588 | D:4      | Found Mecujob's Book Shoppe.
  2624 | D:4      | Found Etsod's Jewellery Shop.
  2760 | D:4      | Noticed Ijyb
  2766 | D:4      | Learned a level 3 spell: Mephitic Cloud
  2771 | D:4      | Learned a level 4 spell: Petrify
  2908 | D:4      | Found a runed translucent door.
  2909 | D:4      | Noticed Crazy Yiuf
  2953 | D:4      | Noticed Grinder
  3010 | D:4      | Found Veoneif's Book Shoppe.
  3104 | D:4      | Noticed Blork the orc
  3114 | D:4      | Killed Blork the orc
  3115 | D:4      | Reached skill level 1 in Fighting
  3115 | D:4      | Reached skill level 1 in Short Blades
  3115 | D:4      | Reached XP level 6. HP: 35/43 MP: 5/9
  3209 | D:4      | Found a transporter.
  3211 | D:4      | Found Jesuovuet's Assorted Antiques.
  3425 | D:4      | Identified the +9 short sword of Zin {venom, rElec rC-
                  | MP+9}
  3426 | D:4      | Noticed Edmund
  3660 | D:4      | Found a basalt altar of Yredelemnul.
  3718 | D:4      | Killed Ijyb
  3767 | D:4      | Found Fevodoan's Jewellery Boutique.
  3769 | D:4      | Found a transporter.
  3780 | D:4      | Bought an ivory wand for 96 gold pieces
  3780 | D:4      | Bought a scroll labelled PECSOD GADDALA for 24 gold pieces
  3780 | D:4      | Bought a scroll labelled VUUC FUYNN for 24 gold pieces
  4035 | D:4      | Killed Crazy Yiuf
  4195 | D:5      | Entered Level 5 of the Dungeon
  4206 | D:5      | Noticed an acid dragon
  4373 | D:5      | Found an ancient bone altar of Kikubaaqudgha.
  4373 | D:5      | Found a sacrificial altar of Ru.
  4396 | D:5      | Gained mutation: You have a small tail. [demonic ancestry]
  4396 | D:5      | Reached XP level 7. HP: 50/50 MP: 10/10
  4729 | D:5      | Noticed a troll
  4774 | D:5      | Killed a troll
  4775 | D:5      | Gained mutation: You regenerate magic rapidly. [demonic
                  | ancestry]
  4775 | D:5      | Reached XP level 8. HP: 43/58 MP: 12/12
  5153 | D:4      | Paralysed by Grinder for 4 turns
  5159 | D:4      | Killed Grinder
  5232 | D:4      | Killed Edmund
  5408 | D:6      | Found a staircase to the Ecumenical Temple.
  5419 | D:6      | Reached *** piety under Fedhas
  5426 | D:6      | Learned a level 4 spell: Olgreb's Toxic Radiance
  5573 | D:6      | Found a hide-covered altar of Uskayaw.
  5661 | D:6      | Found a broken altar of Ashenzari.
  5788 | D:6      | Reached XP level 9. HP: 65/65 MP: 14/14
  5789 | D:6      | Reached skill level 5 in Fighting
  5789 | D:6      | Gained mutation: You have a pair of horns on your head.
                  | [demonic ancestry]
  5789 | D:6      | Reached XP level 10. HP: 74/74 MP: 15/15
  5847 | D:6      | Identified the +6 long sword of Zireobar {venom, rF+ Will+
                  | Str-3}
  5855 | D:6      | Found a shimmering altar of Xom.
  6328 | D:7      | Noticed Prince Ribbit
  6335 | D:7      | Killed Prince Ribbit
  6548 | D:7      | Gained mutation: You have a pair of large horns on your
                  | head. [demonic ancestry]
  6548 | D:7      | Reached XP level 11. HP: 81/81 MP: 17/17
  7078 | D:8      | Reached **** piety under Fedhas
  7323 | D:8      | Noticed Pikel
  7332 | D:8      | Killed Pikel
  8438 | D:9      | Found an iron altar of Okawaru.
  8464 | D:9      | Found a burning altar of Makhleb.
  8464 | D:9      | Noticed a balrug
  8547 | D:9      | Found an opulent altar of Gozag.
  8604 | D:9      | Reached ***** piety under Fedhas
  8646 | D:9      | Found a runed translucent gate.
  8647 | D:9      | Found a runed translucent gate.
  8648 | D:9      | Found a runed translucent gate.
  8654 | D:9      | Noticed Anotheraccount's ghost (novice DsFi)
  8878 | D:9      | Reached skill level 5 in Invocations
  8943 | D:9      | Found a staircase to the Orcish Mines.
  9148 | D:10     | Entered Level 10 of the Dungeon
  9336 | D:10     | You fall into a shaft and drop 2 floors!
  9480 | D:12     | Noticed a two-headed ogre
  9684 | D:12     | Noticed a green ugly thing
  9686 | D:12     | Killed a green ugly thing
  9957 | D:12     | Noticed a boulder beetle
  9964 | D:12     | Killed a boulder beetle
  9965 | D:12     | Reached skill level 5 in Earth Magic
 10077 | D:12     | Reached skill level 10 in Short Blades
 10209 | D:12     | Killed a two-headed ogre
 10210 | D:12     | Reached XP level 12. HP: 91/91 MP: 16/18
 10309 | D:12     | Identified the +7 chain mail of Ydwasurch {Stlth+}
 10554 | D:11     | Found a staircase to the Lair.
 10627 | D:10     | Reached skill level 10 in Stealth
 10753 | D:10     | Noticed a two-headed ogre
 10762 | D:10     | Killed a two-headed ogre
 11043 | D:10     | Learned a level 5 spell: Irradiate
 11567 | D:11     | Found Zyrecul's Antique Weapon Emporium.
 11776 | D:11     | Noticed a boulder beetle
 11784 | D:11     | Killed a boulder beetle
 12528 | Lair:1   | Entered Level 1 of the Lair of Beasts
 12555 | Lair:1   | Found a gate leading to a gauntlet.
 12557 | Lair:1   | Noticed a six-headed hydra
 12568 | Lair:1   | Slain by a six-headed hydra

Illustrated notes

Levels and vault maps discovered:
D:1:      heliophobic_arrival_glass_houses, layout_rooms
D:2:      layout_loops_ring, dreamdust_ecumenical_altar_hidden_monk_grotto,
          minmay_misc_feat_iff, uniq_natasha
D:3:      kennysheep_big_flooded_room, layout_loops_ring, serial_shops,
          nicolae_shop_crystal, kennysheep_generic_room_3
D:4:      layout_layer_cave, lemuel_zombie_altar_yredelemnul, serial_shops,
          shop, shop, shop, nicolae_shop_drivethru, shop_coins, uniq_edmund,
          uniq_ijyb, uniq_blork_the_orc, uniq_crazy_yiuf_cottage, uniq_grinder
D:5:      layout_loops_ring, kennysheep_mini_moat,
          gammafunk_temple_overflow_wave, hangedman_decor_lopped,
          minmay_manual_monstrance, uniq_eustachio
D:6:      layout_basic, marbit_many_paths, mainiacjoe_overflow_alcove_2,
          mainiacjoe_overflow_divided_tiny, minmay_temple_entry_offerings
D:7:      layout_loops_ring, st_stairs_5, minmay_hedge_maze, uniq_prince_ribbit1
D:8:      layout_basic, minmay_bent, uniq_pikel
D:9:      layout_rooms, grunt_gozag_statues, mainiacjoe_overflow_chevrons,
          makhleb_altar_promises_db, david_orc_4, gammafunk_ghost_nasty_kobolds,
          kennysheep_cluttered_room
D:10:     layout_basic
D:11:     layout_grid_maze, lair_entry_dummy, minmay_shop_grid_forest
D:12:     layout_roguey
Lair:1:   layout_layer_cave, gauntlet_entry_generic, grunt_megastairs_1,
          uniq_maggie, uniq_amaemon, uniq_joseph

Skill      XL: |  1  2  3  4  5  6  7  8  9 10 11 12 |
---------------+-------------------------------------+-----
Conjurations   | 2 3 4 |  4.9
Alchemy        | 4 5 6 8 |  8.8
Fighting       | 1 2 3 4 5 7 |  7.5
Short Blades   | 1 2 9 10 | 10.0
Stealth        | 2 3 7 8 9 10 | 10.4
Spellcasting   | 3 4 |  4.0
Earth Magic    | 3 5 |  5.0
Invocations    | 4 6 7 |  7.0
Evocations     | 3 |  3.6
Dodging        | 2 |  2.6
Air Magic      | |  0.3

Action                     |  1- 3 |  4- 6 |  7- 9 | 10-12 || total
---------------------------+-------+-------+-------+-------++-------
  Melee: Short sword       |    17 |    17 |    48 |   219 ||   301
         Unarmed           |     1 |       |       |       ||     1
         War axe           |    14 |       |       |       ||    14
         Dagger            |    23 |    56 |       |       ||    79
         Touch             |     9 |    17 |    11 |    35 ||    72
         Headbutt          |       |    17 |    12 |    53 ||    82
         Punch             |       |     1 |       |     4 ||     5
         Tailslap          |       |       |    11 |    48 ||    59
   Cast: Sting             |    18 |    42 |    15 |     4 ||    79
         Mephitic Cloud    |       |     1 |     6 |     3 ||    10
         Olgreb's Toxic Ra |       |       |       |    25 ||    25
         Petrify           |       |       |       |    43 ||    43
  Evoke: Wand              |       |     1 |     3 |     2 ||     6
    Use: Scroll            |       |     5 |     2 |    19 ||    26
         Potion            |       |       |     2 |     1 ||     3
   Stab: Sleeping          |     1 |     3 |       |     8 ||    12
         Confused          |       |       |     1 |     1 ||     2
         Distracted        |       |       |       |     1 ||     1
         Petrified         |       |       |       |    23 ||    23
         Petrifying        |       |       |       |     7 ||     7
 Armour: Robe              |    23 |    29 |       |       ||    52
         Leather armour    |       |     3 |    21 |    98 ||   122
  Dodge: Dodged            |    37 |    28 |    23 |    78 ||   166
  Block: Other             |       |     5 |     3 |    19 ||    27

Table legend: (Time is in decaauts)
 A = Elapsed time spent in this place.
 B = Non-inter-level travel time spent in this place.
 C = Inter-level travel time spent in this place.
 D = Time resting spent in this place.
 E = Time spent auto-exploring this place.
 F = Levels seen in this place.
 G = Mean time per level.
                   A        B        C        D        E       F      G
               +--------+--------+--------+--------+--------+-----+--------+
         Total |  12440 |  12004 |    436 |   1363 |   8942 |  13 |  956.9 |
       Dungeon |  12404 |  11968 |    436 |   1363 |   8942 |  12 | 1033.7 |
          Lair |     36 |     36 |      0 |      0 |      0 |   1 |   36.0 |
               +--------+--------+--------+--------+--------+-----+--------+

Top non-repeatable levels by time:
     D:4: 2242 daAuts
     D:8: 1496 daAuts
    D:11: 1154 daAuts
    D:12: 1113 daAuts
     D:3: 1067 daAuts
    D:10: 1066 daAuts
     D:9: 819 daAuts
     D:6: 787 daAuts
     D:2: 784 daAuts
     D:5: 691 daAuts
     D:1: 596 daAuts
     D:7: 586 daAuts
  Lair:1: 36 daAuts
